 Dungeon Crawl Stone Soup version 0.22-a0-307-g2b15929 (webtiles) character file.

9 Borgoz the Skirmisher (level 2, -1/26 HPs)
             Began as a Ghoul Abyssal Knight on Apr 1, 2018.
             Was a Follower of Lugonu.
             Slain by a hobgoblin
             ... wielding a +0 club
              (5 damage)
             ... on level 1 of the Dungeon.
             The game lasted 00:00:56 (198 turns).

Borgoz the Skirmisher (Ghoul Abyssal Knight)         Turns: 198, Time: 00:00:57

Health: -1/26      AC:  3    Str: 15    XL:     2   Next: 16%
Magic:  2/2        EV:  8    Int:  7    God:    Lugonu [*.....]
Gold:   0          SH:  6    Dex:  8    Spells: 1/1 levels left

rFire    . . .     SeeInvis .     - Unarmed
rCold    + . .     Gourm    .   c - +0 shield (curse)
rNeg     + + +     Faith    .   a - +0 leather armour
rPois    ∞         Spirit   .   (no helmet)
rElec    .         Reflect  .   (no cloak)
rCorr    .         Harm     .   (no gloves)
MR       .....                  (no boots)
Stlth    +.........             (no amulet)
HPRegen  0.00/turn              (no ring)
MPRegen  0.08/turn              (no ring)

@: rotting
A: rotting body, claws 1, carnivore, cold resistance 1, negative energy
resistance 3, inhibited regeneration, torment resistance, unbreathing
a: Depart the Abyss, Renounce Religion


You were on level 1 of the Dungeon.
You worshipped Lugonu.
Lugonu was aware of your devotion.
You were not hungry.

You visited 1 branch of the dungeon, and saw 1 of its levels.
You visited the Abyss 1 time.

Inventory:

Armour
 a - a +0 leather armour (worn)
 c - a cursed +0 shield (worn)
Comestibles
 b - a ration
 d - a chunk of flesh


   Skills:
 + Level 3.4 Fighting
 + Level 1.9 Armour
 + Level 1.1 Dodging
 + Level 2.4 Unarmed Combat
 + Level 2.2 Invocations


You had one spell level left.
You didn't know any spells.

Dungeon Overview and Level Annotations

Branches:
Dungeon (1/15)

Altars:


Innate Abilities, Weirdness & Mutations

Your body is rotting away.
You thrive on raw meat.
You are immune to poison.
You have sharp fingernails.
You are carnivorous and can eat meat at any time.
Your flesh is cold resistant. (rC+)
You are immune to negative energy. (rN+++)
You do not regenerate when monsters are visible.
You are immune to unholy pain and torment.
You can survive without breathing.


Message History

You block the frilled lizard's attack.
You barely miss the frilled lizard. The frilled lizard bites you.
* * * LOW HITPOINT WARNING * * *
You closely miss the frilled lizard. You block the frilled lizard's attack.
You claw the frilled lizard!
You kill the frilled lizard!
Lugonu accepts your kill.
You miss the frilled lizard.
You block the frilled lizard's attack. x2
You miss the frilled lizard. You block the frilled lizard's attack.
You scratch the frilled lizard.
You kill the frilled lizard!
Lugonu accepts your kill.
You closely miss the frilled lizard. The frilled lizard closely misses you.
You scratch the frilled lizard.
You kill the frilled lizard!
Lugonu accepts your kill.
Your shield prevents you from hitting the hobgoblin.
The hobgoblin hits you but does no damage.
You completely miss the hobgoblin. The hobgoblin hits you with a club.
You die...

#.####...#.##.........######
#....+...'.##.##+#............
....##...####....#............
............#....#...........
......##....#..............## ##
......''....#......#............
......##...........#......##....
...................#.l....#..≈≈≈
....##.#.......#@###....†...≈≈≈≈
≈##.##+#.......#g###........≈≈≈≈
≈≈#............#.....g......≈≈≈≈
≈≈##...........#.....##......≈≈≈
≈≈##.........###.....##.........
≈≈##......## #...).##.........
..##......# #.....##.........
..##......# #.....##.........
..(#.....## #.....##.........


You could see a hobgoblin.

Vanquished Creatures
  A giant cockroach (D:1)
  2 goblins (D:1)
  A kobold (D:1)
  6 frilled lizards (D:1)
10 creatures vanquished.

Notes
Turn   | Place    | Note
-------+----------+-------------------------------------------
     0 | Abyss:1  | Borgoz the Ghoul Abyssal Knight began the quest for the Orb.
     0 | Abyss:1  | Reached XP level 1. HP: 19/19 MP: 1/1
    31 | Abyss:4  | Noticed a wretched star
    31 | Abyss:4  | Noticed a large abomination
    32 | D:1      | Escaped the Abyss
   112 | D:1      | Reached skill level 1 in Dodging
   150 | D:1      | Reached * piety under Lugonu
   176 | D:1      | Reached XP level 2. HP: 11/26 MP: 2/2
   198 | D:1      | Slain by a hobgoblin

Vault maps used:
D:1:      dpeg_arrival_pond, minmay_lizard_pond
Abyss:1:  evilmike_abyss_exit_mutagenic
Abyss:2:  hangedman_abyss_overflow_altar
Abyss:3:  evilmike_abyss_rune_ettins, evilmike_abyss_exit_glass
Abyss:4:  hangedman_abyss_sting, nicolae_abyss_rune_star_stuff

Skill      XL: |  1 |
---------------+----+-----
Dodging        | 1 |  1.1
Fighting       | |  3.4
Armour         | |  1.9
Unarmed Combat | |  2.4
Invocations    | |  2.2

Action                   || total
-------------------------++-------
Melee: Unarmed           ||    46
Invok: Depart the Abyss  ||     1
Armor: Leather armour    ||     6
Dodge: Dodged            ||    13
Block: Shield            ||    25

Table legend:
 A = Spawn XP
 B = Non-spawn XP
 C = Spawn XP percentage of total XP
 D = Spawn monster count
 E = Non-spawn monster count
 F = Spawn count percentage of total count
 G = Total turns spent on level
                    A         B        C        D         E        F      G
               +---------+---------+-------+---------+---------+-------+---------
         Total |       0 |      14 |   0.0 |       0 |      10 |   0.0 |   198
               +---------+---------+-------+---------+---------+-------+---------
           D:1 |       0 |      14 |   0.0 |       0 |      10 |   0.0 |   166
               +---------+---------+-------+---------+---------+-------+---------
